 Dungeon Crawl Stone Soup version 0.27.1-34-g3ba077fa99 (webtiles) character file.

Game seed: 1986314611526654920

39 iwittbrodt the Skirmisher (level 3, 0/26 HPs)
             Began as an Octopode Monk on Jan 15, 2022.
             Succumbed to an adder's poison
             ... on level 2 of the Dungeon.
             The game lasted 00:05:11 (1127 turns).

iwittbrodt the Skirmisher (Octopode Monk)           Turns: 1127, Time: 00:05:11

Health: 0/26       AC:  1    Str: 10    XL:     3   Next: 47%
Magic:  3/3        EV: 14    Int: 13    God:
Gold:   60         SH:  0    Dex: 14    Spells: 2/2 levels left

rFire    . . .     SeeInvis .   a - +0 spear
rCold    . . .     Faith    .   (no shield)
rNeg     . . .     Spirit   .   (helmet restricted)
rPois    .         Reflect  .   (no amulet)
rElec    .         Harm     .   (no ring)
rCorr    .         Rampage  .   (no ring)
Will     .....                  (no ring)
Stlth    +++.......             (no ring)
HPRegen  0.08/turn              (no ring)
MPRegen  0.08/turn              (no ring)
                                (no ring)
                                (no ring)

@: lethally poisoned (0 -> -1)
A: almost no armour, amphibious, 8 rings, camouflage 1, gelatinous body 1,
(nimble swimmer 1), tentacles
a: no special abilities


You were on level 2 of the Dungeon.
You visited 1 branch of the dungeon, and saw 2 of its levels.

You collected 60 gold pieces.

Inventory:

Hand Weapons
 a - a +0 spear (weapon)
Missiles
 b - 33 stones (quivered)
 g - 31 sling bullets
Scrolls
 c - a scroll of teleportation {unknown}
 e - 2 scrolls of vulnerability {unknown}
 h - a scroll of identify {unknown}
Potions
 d - a potion of berserk rage {unknown}
 f - a potion of heal wounds {unknown}
 i - a potion of degeneration {unknown}


   Skills:
 * Level 3.6 Fighting
 + Level 3.3 Polearms
 + Level 3.2 Dodging
 + Level 3.3 Stealth


You had 2 spell levels left.
You didn't know any spells.
Your spell library was empty.

Dungeon Overview and Level Annotations

Branches:
Dungeon (2/15)

Altars:


Innate Abilities, Weirdness & Mutations

You cannot wear most types of armour.
You are amphibious.
You can wear up to eight rings at the same time.
Your skin changes colour to match your surroundings (Stealth+).
Your rubbery body absorbs attacks. (AC +1, EV +1)
((You are camouflaged near water. (Stealth+)))
You have tentacles for arms and can constrict up to eight enemies at once.


Message History

You closely miss the adder. Your grab misses the adder.
Your squeeze misses the adder. The adder bites you.
You barely miss the adder. Your grab misses the adder.
Your squeeze misses the adder. The adder barely misses you.
You hit the adder but do no damage. Your grab misses the adder.
The adder bites you. x2
You closely miss the adder. Your grab misses the adder. The adder bites you.
You barely miss the adder. Your grab misses the adder. The adder bites you.
You miss the adder. Your grab misses the adder. The adder bites you.
You are too injured to fight recklessly!
You hit the adder. Your grab misses the adder.
The adder is heavily wounded.
The adder closely misses you. x2
You hit the adder. Your grab misses the adder.
The adder is severely wounded.
The adder completely misses you.
You hit the adder but do no damage. Your grab misses the adder.
The adder is severely wounded.
The adder bites you.
You closely miss the adder. Your grab misses the adder.
The adder is severely wounded.
The adder bites you.
* * * LOW HITPOINT WARNING * * *
You are lethally poisoned!
The adder poisons you!
You hit the adder.
You kill the adder!
* * * LOW HITPOINT WARNING * * *
You feel sick.
* * * LOW HITPOINT WARNING * * *
You feel sick.
* * * LOW HITPOINT WARNING * * *
You feel sick.
* * * LOW HITPOINT WARNING * * *
You feel sick.
You see here a +0 dagger.
* * * LOW HITPOINT WARNING * * *
You feel sick.
You see here a ring of protection from cold.
You die...

... #.. #...
#... ...
#.##+#########
#............#
#....)......#
#...@=......#
#.....########
##..#.####...#
#..#....'...+
#..######...#
##>. #......#
#.# #.#.####
..# #.#.# ..
#.#.#


There were no monsters in sight!

Vanquished Creatures
  An adder (D:2)
  A dart slug (D:1)
  3 endoplasms (D:1)
  A giant cockroach (D:1)
  2 goblins (D:1)
  4 hobgoblins
  2 jackals (D:1)
  5 ball pythons (D:1)
  4 bats (D:1)
  A frilled lizard (D:1)
  2 rats (D:1)
26 creatures vanquished.

Notes
Turn   | Place    | Note
-------+----------+-------------------------------------------
     0 | D:1      | iwittbrodt the Octopode Monk began the quest for the Orb.
     0 | D:1      | Reached XP level 1. HP: 16/16 MP: 1/1
   199 | D:1      | Reached XP level 2. HP: 21/21 MP: 2/2
   693 | D:1      | Reached XP level 3. HP: 21/26 MP: 3/3
   748 | D:1      | Found a faded altar of an unknown god.
  1126 | D:2      | HP: 1/26 [poisoned by an adder]
  1127 | D:2      | Succumbed to an adder's poison

Illustrated notes

Levels and vault maps discovered:
D:1:      shiori_arrival_maze, layout_loops_ring,
          chequers_ecumenical_altar_simple, minmay_misc_feat_iff
D:2:      layout_basic, basic_altar

Skill      XL: |  1  2 |
---------------+-------+-----
Stealth        | 3 |  3.3
Fighting       | |  3.6
Polearms       | |  3.3
Dodging        | |  3.2

Action                   || total
-------------------------++-------
Melee: Spear             ||    69
       Constrict         ||    10
       Tentacles         ||     4
 Stab: Sleeping          ||     9
Armor: Skin              ||     2
Dodge: Dodged            ||    29
